 Dungeon Sprint DCSS version 0.28-a0-313-gbc0475efdd (webtiles) character file.

Game seed: 11350236897064276756

332 Ankalagon the Cleaver (level 6, 0/51 HPs)
             Began as a Hill Orc Fighter on Aug 31, 2021.
             Slain by a wyvern (15 damage)
             ... in the Dungeon (Sprint II: "The Violet Keep of Menkaure").
             The game lasted 00:00:22 (119 turns).

Ankalagon the Cleaver (Hill Orc Fighter)             Turns: 119, Time: 00:00:23

Health: 0/51       AC:  6    Str: 19    XL:     6   Next: 52%
Magic:  6/6        EV:  8    Int:  8    God:
Gold:   243        SH: 11    Dex: 12    Spells: 5/5 levels left

rFire   . . .      SeeInvis .   a - +0 war axe
rCold   . . .      Faith    .   c - +0 kite shield
rNeg    . . .      Spirit   .   b - +0 scale mail
rPois   .          Reflect  .   (no helmet)
rElec   .          Harm     .   (no cloak)
rCorr   .          Rampage  .   (no gloves)
Will    .....      NoTele   +   (no boots)
Stlth   ..........              (no amulet)
HPRegen 0.17/turn               (no ring)
MPRegen 0.10/turn               (no ring)

@: no status effects
A: no striking features
a: no special abilities


You were in the Dungeon.
You visited 1 branch You collected 243 gold pieces.

Inventory:

Hand Weapons
 a - a +0 war axe (weapon)
Armour
 b - a +0 scale mail (worn)
 c - a +0 kite shield (worn)
Scrolls
 j - a scroll of blinking
Potions
 d - a potion of might
 e - a potion of curing
 f - a potion of heal wounds
 g - a potion of haste
 h - 2 potions of magic


   Skills:
 - Level 3.6 Fighting
 + Level 12.2 Axes
 - Level 3.2 Armour
 + Level 10.7 Shields


You had 5 spell levels left.
You didn't know any spells.
Your spell library was empty.

Dungeon Overview and Level Annotations

Branches:
Dungeon (1/1)

Altars:


Message History

You feel yourself speed up.
You recover from your berserk rage.
HP restored.
There is a staircase leading out of the dungeon here.
As you open the door, it creaks loudly! 2 wyverns come into view.
The wyvern hisses angrily.
Found 243 gold pieces.
You hit the wyvern.
The wyvern is lightly wounded.
You block the wyvern's attack.
You barely miss the wyvern.
The wyvern is lightly wounded.
The wyvern closely misses you. The wyvern bites you!
You barely miss the wyvern.
The wyvern is lightly wounded.
The wyvern bites you but does no damage.
You hit the wyvern.
The wyvern is moderately wounded.
The wyvern barely misses you.
The wyvern bites you but does no damage.
You slash the wyvern!
The wyvern is heavily wounded.
You block the wyvern's attack.
You slash the wyvern!
The wyvern is almost dead.
You block the wyvern's attack. x2
You closely miss the wyvern.
The wyvern is almost dead.
The wyvern barely misses you.
You closely miss the wyvern.
The wyvern is almost dead.
The wyvern bites you! x2
* * * LOW HITPOINT WARNING * * *
You are too injured to fight recklessly!
You are too injured to fight recklessly!
You barely miss the wyvern.
The wyvern is almost dead.
The wyvern bites you!
You die...

##+##
##.#.##
#..#..#
#...##
# ##†##
.#
##.##$#
+.<@l#
##.##l#
#+# .#
#


You could see 2 wyverns.

Vanquished Creatures
  4 necrophages (D)
4 creatures vanquished.

Vanquished Creatures (others)
  Menkaure (D)
1 creature vanquished.

Grand Total: 5 creatures vanquished

Notes
Turn   | Place    | Note
-------+----------+-------------------------------------------
     0 | D        | Ankalagon the Hill Orc Fighter began the quest for the Orb.
     0 | D        | Reached XP level 1. HP: 19/19 MP: 1/1
     1 | D        | Noticed a necrophage
     1 | D        | Noticed a necrophage
     1 | D        | Noticed a necrophage
     1 | D        | Noticed a necrophage
     7 | D        | Killed a necrophage
     8 | D        | Reached skill level 8 in Axes
     8 | D        | Reached XP level 2. HP: 24/26 MP: 2/2
     8 | D        | Reached XP level 3. HP: 29/31 MP: 3/3
     8 | D        | Reached XP level 4. HP: 36/39 MP: 4/4
    10 | D        | Killed a necrophage
    11 | D        | Reached skill level 10 in Axes
    11 | D        | Reached XP level 5. HP: 42/45 MP: 5/5
    14 | D        | Killed a necrophage
    15 | D        | Reached skill level 11 in Axes
    15 | D        | Reached skill level 10 in Shields
    15 | D        | Reached XP level 6. HP: 33/51 MP: 6/6
    17 | D        | Killed Menkaure
    18 | D        | Killed a necrophage
    19 | D        | Reached skill level 12 in Axes
   110 | D        | Noticed a wyvern
   110 | D        | Noticed a wyvern
   119 | D        | Slain by a wyvern

Illustrated notes

Levels and vault maps discovered:
D:        the_violet_keep_of_menkaure [sprint2_stairs_cluster_1,
          sprint2_shoproom, sprint2_temple, sprint2_basic_supplies,
          sprint2_obstacle_1, sprint2_obstacle_2, sprint2_obstacle_6,
          sprint2_obstacle_5, sprint2_obstacle_3, sprint2_timed_cluster_1,
          sprint2_smallroom_cluster_1, sprint2_smallroom_final_cluster_1,
          sprint2_transparent_cluster_1, sprint2_second_timed_cluster_1,
          sprint2_sniper_area_1, sprint2_heavy_combat_area_1,
          sprint2_mutation_trap_area_1, sprint2_forest_area_1,
          sprint2_light_combat_area_1, sprint2_behind_water_1,
          sprint2_near_end_vault_1]

Skill      XL: |  1  2  3  4  5  6 |
---------------+-------------------+-----
Axes           | 8 10 11 12 | 12.2
Shields        | 7 9 10 | 10.7
Fighting       | |  3.6
Armour         | |  3.2

Action                   |  1- 3 |  4- 6 || total
-------------------------+-------+-------++-------
Melee: War axe           |     4 |    20 ||    24
  Use: Potion            |     1 |       ||     1
Armor: Scale mail        |     1 |     3 ||     4
Dodge: Dodged            |       |     6 ||     6
Block: Kite shield       |     2 |     8 ||    10

Table legend: (Time is in decaauts)
 A = Elapsed time spent in this place.
 B = Non-inter-level travel time spent in this place.
 C = Inter-level travel time spent in this place.
 D = Time resting spent in this place.
 E = Time spent auto-exploring this place.
 F = Levels seen in this place.
 G = Mean time per level.
                   A        B        C        D        E       F      G
               +--------+--------+--------+--------+--------+-----+--------+
         Total |    130 |    130 |      0 |     90 |      0 |   1 |  130.0 |
       Dungeon |    130 |    130 |      0 |     90 |      0 |   1 |  130.0 |
               +--------+--------+--------+--------+--------+-----+--------+

Top non-repeatable levels by time:
       D: 130 daAuts
